 Dungeon Crawl Stone Soup version 0.27.1-3-gb3d3a73c9e (webtiles) character file.

Game seed: 1550195096181245379

19 BOMJPIETVODKU the Covered (level 2, -2/27 HPs)
             Began as a Minotaur Fighter on Oct 31, 2021.
             Slain by an ogre (29 damage)
             ... on level 2 of the Dungeon.
             The game lasted 00:01:35 (867 turns).

BOMJPIETVODKU the Covered (Minotaur Fighter)         Turns: 867, Time: 00:01:36

Health: -2/27      AC:  7    Str: 20    XL:     2   Next: 55%
Magic:  1/1        EV:  7    Int:  5    God:
Gold:   61         SH:  9    Dex:  9    Spells: 1/1 levels left

rFire    . . .     SeeInvis .   a - +0 war axe
rCold    . . .     Faith    .   c - +0 kite shield
rNeg     . . .     Spirit   .   b - +0 scale mail
rPois    .         Reflect  .   (helmet restricted)
rElec    .         Harm     .   (no cloak)
rCorr    .         Rampage  .   (no gloves)
Will     .....                  (no boots)
Stlth    ..........             (no amulet)
HPRegen  0.09/turn              (no ring)
MPRegen  0.07/turn              (no ring)

@: no status effects
A: horns 2, retaliatory headbutt
a: no special abilities


You were on level 2 of the Dungeon.
You visited 1 branch of the dungeon, and saw 2 of its levels.

You collected 61 gold pieces.

Inventory:

Hand Weapons
 a - a +0 war axe (weapon)
Missiles
 e - 9 poisoned darts (quivered)
Armour
 b - a +0 scale mail (worn)
 c - a +0 kite shield (worn)
Scrolls
 f - 2 scrolls of amnesia {unknown}
 g - a scroll of summoning {unknown}
 h - 2 scrolls of identify {unknown}
Potions
 d - a potion of might


   Skills:
 + Level 3.9 Fighting
 * Level 2.7 Axes
 + Level 4.0 Armour
 + Level 3.8 Shields
 * Level 0.5 Unarmed Combat


You had one spell level left.
You didn't know any spells.
Your spell library was empty.

Dungeon Overview and Level Annotations

Branches:
Dungeon (2/15)

Altars:


Innate Abilities, Weirdness & Mutations

You have a pair of horns on your head.
You reflexively headbutt those who attack you in melee.


Message History

Found 13 gold pieces.
You now have 48 gold pieces (gained 6).
You now have 61 gold pieces (gained 13).
Things that are here:
a +0 short sword; a stone Done exploring.
(D) Dungeon
Where to? (? - help)
You see here a +0 club.
There is a stone staircase leading down here.
You climb downwards.
There is a stone staircase leading up here.
There is a stone staircase leading up here.
Found 2 scrolls labelled GOJEINWOTEX.
Found a stone staircase leading up.
h - 2 scrolls labelled GOJEINWOTEX
There is a stone staircase leading up here.
An endoplasm comes into view.
The endoplasm quivers.
You block the endoplasm's attack.
You hit the endoplasm.
The endoplasm is moderately wounded.
The endoplasm hits you but does no damage. x2
You hit the endoplasm.
You kill the endoplasm!
No target in view!
No target in view!
No target in view!
No target in view!
No target in view!
No target in view!
No target in view!
No target in view!
No target in view!
No target in view!
An ogre comes into view. It is wielding a +0 giant spiked club.
The ogre shouts!
The ogre hits you with a +0 giant spiked club!!
Ouch! That really hurt!
You die...

#.. #.. ...
#.# #.# ##.#
######.O#
.......@#
#######.# #.#
#############
#.#
#..<........#
#.#
#.#########.#
#.# #.# #.#
#.# #.# #<#
#.# ##.# #.#
#.#


You could see an ogre.

Vanquished Creatures
  A dart slug (D:1)
  5 endoplasms
  2 giant cockroaches (D:1)
  A goblin (D:1)
  2 hobgoblins (D:1)
  A ball python (D:1)
  A frilled lizard (D:1)
  2 kobolds (D:1)
15 creatures vanquished.

Vanquished Creatures (others)
  A fungus (D:1)
  A plant (D:1)
2 creatures vanquished.

Grand Total: 17 creatures vanquished

Notes
Turn   | Place    | Note
-------+----------+-------------------------------------------
     0 | D:1      | BOMJPIETVODKU the Minotaur Fighter began the quest for the
                  | Orb.
     0 | D:1      | Reached XP level 1. HP: 19/19 MP: 0/0
   217 | D:1      | Reached XP level 2. HP: 27/27 MP: 1/1
   352 | D:1      | Reached skill level 4 in Armour
   477 | D:1      | Found a faded altar of an unknown god.
   864 | D:2      | Noticed an ogre
   867 | D:2      | Slain by an ogre

Illustrated notes

Levels and vault maps discovered:
D:1:      dpeg_chamrin_arrival_tetris, layout_basic,
          shapermc_ecumenical_altar_acropolis, serial_bayou_pond_b,
          skrybe_limestone_x, minmay_parallelograms, serial_park_tiny_pond
D:2:      layout_basic, kennysheep_generic_room_11, uniq_robin, uniq_jessica

Skill      XL: |  1  2 |
---------------+-------+-----
Armour         | 4 |  4.0
Fighting       | |  3.9
Axes           | |  2.7
Shields        | |  3.8
Unarmed Combat | |  0.5

Action                   || total
-------------------------++-------
Melee: War axe           ||    28
       Headbutt          ||     4
Armor: Scale mail        ||     9
Dodge: Dodged            ||    13
Block: Kite shield       ||    12
